 Dungeon Crawl Stone Soup version 0.31-a0-702-gf82c85558f (webtiles) character file.

Game seed: 1141781189732394851

85 qw the Shooter (level 4, 0/28 HPs)
             Began as a Gargoyle Hunter on Sept 7, 2023.
             Slain by an orc priest
             ... wielding a +0 whip
              (3 damage)
             ... on level 3 of the Dungeon.
             The game lasted 00:00:34 (1456 turns).

qw the Shooter (Gargoyle Hunter)                    Turns: 1456, Time: 00:00:35

Health: 0/28       AC:  8    Str: 14    XL:     4   Next: 48%
Magic:  4/4        EV: 10    Int: 10    God:
Gold:   64         SH:  0    Dex: 15    Spells: 3/3 levels left

rFire   . . .        Y - +0 shortbow
rCold   . . .        (shield currently unavailable)
rNeg    + . .        b - +0 ring mail
rPois   inf          (no helmet)
rElec   +            (no cloak)
rCorr   .            (no gloves)
SInv    .            (no boots)
Will    .....        (no amulet)
Stlth   +            (no ring)
HPRegen 0.24/turn    (no ring)
MPRegen 0.09/turn

%: no passive effects
@: no status effects
A: sickness immunity, AC +3, negative energy resistance 1, electricity
resistance, torment resistance 1, petrification resistance
a: no special abilities


You were on level 3 of the Dungeon.
You visited 1 branch of the dungeon, and saw 3 of its levels.

You collected 64 gold pieces.


Innate Abilities, Weirdness & Mutations

You are immune to sickness and miasma.
Your stone body is resilient. (AC +3)
You are immune to poison.
You resist negative energy. (rN+)
You are resistant to electric shocks. (rElec)
You are resistant to unholy torment.
You are immune to petrification.


   Skills:
 - Level 3.1 Fighting
 - Level 5.3 Ranged Weapons
 + Level 0.6 Armour
 - Level 1.5 Dodging
 - Level 1.1 Stealth


You had 3 spell levels left.
You didn't know any spells.
Your spell library was empty.

Inventory:

Hand Weapons
 Y - a +0 shortbow (weapon)
Armour
 b - a +0 ring mail (worn)
Potions
 a - a potion of enlightenment
 d - a potion of lignification {unknown}
 e - a potion of haste {unknown}

Dungeon Overview and Level Annotations

Branches:
Dungeon (3/15)

Altars:
Hepliaklqana


Message History

1444 ||| Stepping ~*~*~tactically~*~*~ (retreating).
The orc attacks as it pursues you! The orc hits you but does no damage.
There is an open door here.
1445 |||
Found retreat position at 2,-3 (floor) with 0 blocking monsters and 1 monsters attacking at destination at distance 4
1445 ||| Stepping ~*~*~tactically~*~*~ (retreating).
The orc attacks as it pursues you! The orc barely misses you.
1446 |||
Found retreat position at 1,-2 (floor) with 0 blocking monsters and 1 monsters attacking at destination at distance 3
1446 ||| Stepping ~*~*~tactically~*~*~ (retreating).
The orc throws a boomerang.
The boomerang hits you.
1447 |||
Found retreat position at 2,-1 (floor) with 0 blocking monsters and 1 monsters attacking at destination at distance 2 The orc hits you with a +0 mace.
You shoot an arrow. The arrow hits the orc.
The orc is heavily wounded.
The orc hits you with a +0 mace.
1449 |||
Found retreat position at 3,-2 (floor) with 0 blocking monsters and 1 monsters attacking at destination at distance 3
1449 ||| Stepping ~*~*~tactically~*~*~ (retreating).
The orc priest begins to cast a cantrip, but forgets the words!
The orc throws a boomerang.
The boomerang barely misses you.
1450 |||
Found retreat position at 2,-1 (floor) with 0 blocking monsters and 1 monsters attacking at destination at distance 2 The orc priest calls upon Beogh to heal the orc.
The orc's wounds heal themselves!
The orc hits you with a +0 mace.
You shoot an arrow. The arrow hits the orc.
You kill the orc!
1452 |||
Found retreat position at 3,-2 (floor) with 0 blocking monsters and 1 monsters attacking at destination at distance 3
1452 ||| Stepping ~*~*~tactically~*~*~ (retreating).
The orc priest attacks as it pursues you!
The orc priest misses you.
1453 |||
Found retreat position at 2,-1 (floor) with 0 blocking monsters and 1 monsters attacking at destination at distance 2
1453 ||| Stepping ~*~*~tactically~*~*~ (retreating).
You shoot an arrow. The arrow hits the orc priest!
The orc priest is heavily wounded.
The orc priest hits you but does no damage.
The orc priest invokes the aid of Beogh against you.
You are unaffected.
You shoot an arrow. The arrow hits the orc priest!
The orc priest is almost dead.
The orc priest barely misses you.
You shoot an arrow. The arrow barely misses the orc priest.
The goblin closely misses you. The orc priest hits you with a +0 whip.
You die...

### ### ..# #.. #.# #..
#.# #.. ###'######..
#...>.......
#############.....####..
#.....g@..........# #..
###....oo###.####+###
#.. ...........#.# ##.
########)#.#.# ##
#......#.# #####
#......#.# .....
#......#.# #####
#.........#
#.#.#.#.#o....


You could see an orc priest, an orc and a goblin.

Vanquished Creatures
  Jessica (D:2)
  A worm (D:2)
  3 dart slugs
  3 orcs (D:3)
  An endoplasm (D:1)
  2 giant cockroaches
  4 goblins (D:1)
  5 hobgoblins
  5 kobolds
  2 quokkas
  8 ball pythons
  5 bats
  4 rats
44 creatures vanquished.

Notes
Turn   | Place    | Note
-------+----------+-------------------------------------------
     0 | D:1      | qw the Gargoyle Hunter began the quest for the Orb.
     0 | D:1      | Reached XP level 1. HP: 12/12 MP: 1/1
     0 | D:1      | 0 ||| qw: Version: 0.3-a-76-g4403597
     0 | D:1      | 0 ||| qw: Game counter: 831
     0 | D:1      | 0 ||| qw: Melee chars always use a shield: true
     0 | D:1      | 0 ||| qw: God list: Okawaru
     0 | D:1      | 0 ||| qw: Allow faded altars: false
     0 | D:1      | 0 ||| qw: Do Orc after clearing Dungeon:15 true
     0 | D:1      | 0 ||| qw: Do second Lair branch before Depths: true
     0 | D:1      | 0 ||| qw: Lair rune preference: random
     0 | D:1      | 0 ||| qw: Goals: Normal
     0 | D:1      | 0 ||| PLANNING D:1-11
    80 | D:1      | Reached XP level 2. HP: 17/17 MP: 2/2
   742 | D:1      | 742 ||| READING scroll labelled SEUMYNUFUC.
   743 | D:1      | 743 ||| READING scroll labelled QEUSEW DASTRO.
   744 | D:1      | 744 ||| DROPPING scroll of butterflies.
   756 | D:2      | Reached XP level 3. HP: 21/21 MP: 3/3
   812 | D:2      | Noticed Jessica
   814 | D:2      | Reached skill level 5 in Ranged Weapons
   819 | D:2      | Killed Jessica
   820 | D:2      | Reached skill level 3 in Fighting
   892 | D:2      | Found a hazy altar of Hepliaklqana.
   907 | D:2      | Reached XP level 4. HP: 28/28 MP: 4/4
  1176 | D:2      | Found a faded altar of an unknown god.
  1365 | D:2      | 1365 ||| UPGRADING to +0 ring mail.
  1375 | D:2      | 1375 ||| DROPPING +0 leather armour.
  1376 | D:2      | 1376 ||| DRINKING 2 metallic dark potions.
  1437 | D:3      | 1437 ||| RETREATING.
  1440 | D:3      | 1440 ||| Stepping ~*~*~tactically~*~*~ (retreating).
  1442 | D:3      | 1442 ||| Stepping ~*~*~tactically~*~*~ (retreating).
  1443 | D:3      | 1443 ||| Stepping ~*~*~tactically~*~*~ (retreating).
  1444 | D:3      | 1444 ||| Stepping ~*~*~tactically~*~*~ (retreating).
  1445 | D:3      | 1445 ||| Stepping ~*~*~tactically~*~*~ (retreating).
  1446 | D:3      | 1446 ||| Stepping ~*~*~tactically~*~*~ (retreating).
  1447 | D:3      | HP: 7/28 [orc/+0 mace (5)]
  1449 | D:3      | 1449 ||| Stepping ~*~*~tactically~*~*~ (retreating).
  1450 | D:3      | HP: 1/28 [orc/+0 mace (4)]
  1452 | D:3      | 1452 ||| Stepping ~*~*~tactically~*~*~ (retreating).
  1453 | D:3      | 1453 ||| Stepping ~*~*~tactically~*~*~ (retreating).
  1456 | D:3      | Slain by an orc priest

Levels and vault maps discovered:
D:1:      beargit_arrival_greenhouse, layout_basic, minmay_pentomino_z4
D:2:      layout_rooms, ebering_ecumenical_altar_petrified, basic_altar,
          nicolae_figureground_sparkle, uniq_jessica
D:3:      layout_basic, amcnicky_altar_gilded, serial_glass, glass_columns_c,
          glass_columns_a, glass_columns_a, glass_columns_a, glass_columns_a,
          glass_columns_b, glass_columns_c, glass_columns_b, glass_columns_a,
          glass_columns_a, glass_columns_a, glass_columns_a, glass_columns_b,
          glass_columns_b

Skill      XL: |  1  2  3 |
---------------+----------+-----
Ranged Weapons | 5 |  5.3
Fighting       | 3 |  3.1
Armour         | |  0.6
Dodging        | |  1.5
Stealth        | |  1.1

Action                     |  1- 3 |  4- 6 || total
---------------------------+-------+-------++-------
   Fire: Shortbow          |    86 |    52 ||   138
    Use: Scroll            |     2 |       ||     2
         Potion            |       |     1 ||     1
 Armour: Leather armour    |    14 |     7 ||    21
         Ring mail         |       |    11 ||    11
  Dodge: Dodged            |    18 |    16 ||    34

Table legend:
 A = Non-vault XP
 B = Vault XP
 C = Vault XP percentage of total XP
 D = Non-vault monster count
 E = Vault monster count
 F = Vault count percentage of total count
                 A         B        C        D         E       F
            +---------+---------+-------+---------+---------+-------
      Total |      78 |      44 |  36.1 |      39 |       5 |  11.4
            +---------+---------+-------+---------+---------+-------
        D:1 |      25 |       7 |  21.9 |      13 |       4 |  23.5
        D:2 |      42 |      37 |  46.8 |      21 |       1 |   4.5
        D:3 |      11 |       0 |   0.0 |       5 |       0 |   0.0
            +---------+---------+-------+---------+---------+-------
